 Dungeon Crawl Stone Soup version 0.26-a0-665-gefeb406119 (webtiles) character file.

Game seed: 13956427199124636120

1490 jasper the Digger (level 8, -12/59 HPs)
             Began as a Gnoll Earth Elementalist on Oct 13, 2020.
             Was a Believer of Cheibriados.
             Mangled by a two-headed ogre
             ... wielding a +0 giant spiked club
              (16 damage)
             ... on level 8 of the Dungeon.
             The game lasted 00:09:23 (5045 turns).

jasper the Digger (Gnoll Earth Elementalist)        Turns: 5045, Time: 00:09:23

Health: -12/59     AC:  8    Str: 16    XL:     8   Next: 80%
Magic:  13/17      EV: 17    Int: 25    God:    Cheibriados [**....]
Gold:   177        SH:  6    Dex: 23    Spells: 13/19 levels left

rFire    . . .     SeeInvis .   R - +8 trident of the First Stars {venom, rElec}
rCold    . . .     Faith    .   y - +0 buckler
rNeg     . . .     Spirit   .   c - +0 robe
rPois    .         Reflect  .   (no helmet)
rElec    +         Harm     .   M - +1 cloak
rCorr    .         Rampage  .   i - +0 pair of gloves
MR       .....                  J - +2 pair of boots
Stlth    +++.......             (no amulet)
HPRegen  0.19/turn              a - ring of attention (curse)
MPRegen  0.15/turn              (no ring)

@: very slow
A: distributed training, fangs 1, strong nose
a: Bend Time, Renounce Religion


You were on level 8 of the Dungeon.
You worshipped Cheibriados.
Cheibriados was pleased with you.
You visited 1 branch of the dungeon, and saw 8 of its levels.

You collected 307 gold pieces.
You spent 130 gold pieces at shops.

Inventory:

Hand Weapons
 t - a +0 spear
 x - a +0 trident
 z - a +2 falchion of freezing
 K - a +1 whip of venom
 R - the +8 trident of the First Stars (weapon) {venom, rElec}
   (You took it off an orc on level 7 of the Dungeon)

   It poisons the flesh of those it strikes.
   It insulates you from electricity.
Missiles
 d - 2 datura-tipped darts
 f - 14 poisoned darts (quivered)
 v - 177 stones
Armour
 c - a +0 robe (worn)
 i - a +0 pair of gloves (worn)
 j - a +0 pair of boots
 m - a +1 pair of boots
 y - a +0 buckler (worn)
 J - a +2 pair of boots (worn)
 M - a +1 cloak (worn)
Magical Staves
 Q - an uncursed staff of conjuration
Jewellery
 a - a cursed ring of attention (left hand)
 l - an uncursed amulet of the acrobat {unknown}
 u - an uncursed amulet of regeneration {unknown}
 C - a +4 ring of protection {unknown}
 N - an uncursed ring of ice {unknown}
Wands
 F - a wand of paralysis (8)
 H - a wand of digging (6)
Scrolls
 e - a scroll of enchant armour {unknown}
 g - 4 scrolls of teleportation {unknown}
 k - 3 scrolls of magic mapping {unknown}
 o - 2 scrolls of fear {unknown}
 p - a scroll of blinking {unknown}
 q - 2 scrolls of noise {unknown}
 r - 4 scrolls of remove curse {unknown}
 w - 4 scrolls of identify {unknown}
 D - a scroll of fog {unknown}
 I - a scroll of amnesia {unknown}
 O - 2 scrolls of immolation {unknown}
 S - a scroll of random uselessness {unknown}
Potions
 b - 3 potions of haste {unknown}
 h - 3 potions of brilliance {unknown}
 n - a potion of ambrosia {unknown}
 s - a potion of degeneration {unknown}
 A - 4 potions of curing
 B - a potion of magic {unknown}
 E - 2 potions of lignification {unknown}
 G - a potion of flight {unknown}
 L - a potion of mutation {unknown}
 P - 2 potions of cancellation {unknown}


   Skills:
 + Level 3.6 Fighting
 + Level 3.6 Short Blades
 + Level 3.6 Long Blades
 + Level 3.6 Axes
 + Level 3.6 Maces & Flails
 + Level 3.6 Polearms
 + Level 3.6 Staves
 + Level 3.6 Slings
 + Level 3.6 Bows
 + Level 3.6 Crossbows
 + Level 3.6 Throwing
 + Level 3.6 Armour
 + Level 5.9 Dodging
 + Level 5.6 Stealth
 + Level 3.6 Shields
 + Level 3.6 Unarmed Combat
 + Level 6.2 Spellcasting
 + Level 2.9 Conjurations
 + Level 2.9 Hexes
 + Level 2.9 Summonings
 + Level 2.9 Necromancy
 + Level 2.9 Translocations
 + Level 3.7 Transmutations
 + Level 2.9 Fire Magic
 + Level 2.9 Ice Magic
 + Level 2.9 Air Magic
 + Level 6.2 Earth Magic
 + Level 2.9 Poison Magic
 + Level 4.0 Invocations
 + Level 3.6 Evocations


You had 13 spell levels left.
You knew the following spells:

 Your Spells              Type           Power        Failure   Level
a - Sandblast             Erth           #####.       1%          1
b - Stone Arrow           Conj/Erth      ####..       3%          3
c - Passwall              Tmut/Erth      ####....     1%          2

Your spell library contained the following spells:

 Spells                   Type           Power        Failure   Level
 Petrify                  Tmut/Erth      ####....     10%         4
 Lee's Rapid Deconstruct  Erth           #####.....   16%         5


Dungeon Overview and Level Annotations

Branches:
Dungeon (8/15)
 Temple: D:4-7         Lair: D:8-11

Altars:
Cheibriados
Dithmenos
Elyvilon
Fedhas
Xom
The Shining One

Shops:
D:5 }

Annotations:
D:4 Dowan, Duvessa


Innate Abilities, Weirdness & Mutations

Your experience applies equally to all skills.
You have very sharp teeth.
Your uncanny sense of smell can sniff out nearby items.


Message History

Press: ? - help, Shift-Dir - straight line, f/p - two-headed ogre
Aim: a two-headed ogre, wielding a +0 giant spiked club and a +0 giant club (heavily wounded)
The blast of sand hits the two-headed ogre!!
The two-headed ogre is severely wounded.
v - 178 stones The two-headed ogre hits you with a +0 giant spiked club!!
The two-headed ogre hits you with a +0 giant club!!
* * * LOW HITPOINT WARNING * * *
You take 41 damage, and have 4/59 hp.
MASSIVE DAMAGE!!
You now have 13/17 mp.
Casting: Sandblast (safe; 1% risk of failure)
Confirm with . or Enter, or press ? or * to list all spells.
Aiming: Sandblast (safe; 1% risk of failure)
Press: ? - help, Shift-Dir - straight line, f/p - two-headed ogre
Aim: a two-headed ogre, wielding a +0 giant spiked club and a +0 giant club (severely wounded)
The blast of sand hits the two-headed ogre.
The two-headed ogre is almost dead.
v - 177 stones You block the two-headed ogre's attack.
The two-headed ogre hits you with a +0 giant club!
You die...

.o.....##...#.#
.## ..._...
###...# ...#
.......##...###
....##.....##..###
...##...##..##
...##.##..##
#..###.)##
#O.#..######
#@#.......#
#....####.# ##...#
#..## ####


You could see a two-headed ogre.

Vanquished Creatures
  An orc warrior (D:8)
  An ice beast (D:7)
  A phantom (D:6)
  An ogre (D:7)
  4 centaurs
  A big kobold (D:7)
  A bullfrog (D:7)
  A water moccasin zombie (D:7)
  3 hounds
  A jelly (D:6)
  2 orc priests
  2 orc wizards (D:8)
  3 iguanas
  Natasha (thrice) (D:3)
  3 worker ants
  3 adders
  A white imp (D:5)
  An ooze (D:2)
  An adder skeleton (D:4)
  2 worms
  2 dart slugs
  7 leopard geckos
  16 orcs
  10 giant cockroaches
  8 goblins
  8 hobgoblins
  12 jackals
  A quokka (D:6)
  2 ball pythons
  8 bats (D:1)
  3 frilled lizards
  7 kobolds
  A quokka zombie (D:7)
  9 rats
130 creatures vanquished.

Vanquished Creatures (others)
  A plant (D:1)
1 creature vanquished.

Grand Total: 131 creatures vanquished

Notes
Turn   | Place    | Note
-------+----------+-------------------------------------------
     0 | D:1      | jasper the Gnoll Earth Elementalist began the quest for the
                  | Orb.
     0 | D:1      | Reached XP level 1. HP: 13/13 MP: 6/6
    89 | D:1      | Reached XP level 2. HP: 16/19 MP: 0/7
   395 | D:1      | Reached XP level 3. HP: 19/25 MP: 2/9
   538 | D:1      | Reached skill level 5 in Spellcasting
   919 | D:1      | Reached skill level 1 in Invocations
  1180 | D:2      | Reached skill level 1 in Fighting
  1180 | D:2      | Reached skill level 1 in Short Blades
  1180 | D:2      | Reached skill level 1 in Long Blades
  1180 | D:2      | Reached skill level 1 in Axes
  1180 | D:2      | Reached skill level 1 in Maces & Flails
  1180 | D:2      | Reached skill level 1 in Polearms
  1180 | D:2      | Reached skill level 1 in Staves
  1180 | D:2      | Reached skill level 1 in Slings
  1180 | D:2      | Reached skill level 1 in Bows
  1180 | D:2      | Reached skill level 1 in Crossbows
  1180 | D:2      | Reached skill level 1 in Throwing
  1180 | D:2      | Reached skill level 1 in Armour
  1180 | D:2      | Reached skill level 1 in Shields
  1180 | D:2      | Reached skill level 1 in Unarmed Combat
  1180 | D:2      | Reached skill level 1 in Evocations
  1258 | D:2      | Found a white marble altar of Elyvilon.
  1259 | D:2      | Found a blossoming altar of Fedhas.
  1279 | D:2      | Reached XP level 4. HP: 32/32 MP: 9/11
  1308 | D:2      | Learned a level 3 spell: Stone Arrow
  1312 | D:2      | Learned a level 2 spell: Passwall
  1414 | D:2      | Found a shimmering altar of Xom.
  1563 | D:3      | Noticed Natasha
  1570 | D:3      | Killed Natasha
  1570 | D:3      | Reached skill level 1 in Conjurations
  1570 | D:3      | Reached skill level 1 in Hexes
  1570 | D:3      | Reached skill level 1 in Summonings
  1570 | D:3      | Reached skill level 1 in Necromancy
  1570 | D:3      | Reached skill level 1 in Translocations
  1570 | D:3      | Reached skill level 1 in Fire Magic
  1570 | D:3      | Reached skill level 1 in Ice Magic
  1570 | D:3      | Reached skill level 1 in Air Magic
  1570 | D:3      | Reached skill level 1 in Poison Magic
  1646 | D:3      | Noticed Natasha
  1656 | D:3      | Killed Natasha
  1656 | D:3      | Reached XP level 5. HP: 37/37 MP: 2/12
  1772 | D:3      | Noticed Natasha
  1774 | D:3      | Found a snail-covered altar of Cheibriados.
  1778 | D:3      | Killed Natasha
  1786 | D:3      | Became a worshipper of Cheibriados the Contemplative
  2298 | D:4      | Reached XP level 6. HP: 34/44 MP: 13/13
  2703 | D:4      | Noticed Dowan
  2708 | D:4      | Noticed Duvessa
  2715 | D:5      | Entered Level 5 of the Dungeon
  2715 | D:5      | Noticed an orc warrior
  2734 | D:4      | Found a shadowy altar of Dithmenos.
  2762 | D:4      | Reached * piety under Cheibriados
  2796 | D:5      | Reached skill level 5 in Dodging
  2926 | D:5      | Found Feoxeuk's Gadget Boutique.
  2937 | D:5      | Bought a wand of paralysis (8) for 130 gold pieces
  3089 | D:6      | Reached XP level 7. HP: 48/50 MP: 15/15
  3586 | D:6      | Reached ** piety under Cheibriados
  3902 | D:7      | Reached skill level 5 in Stealth
  3995 | D:7      | Reached XP level 8. HP: 57/57 MP: 12/16
  4364 | D:7      | Identified the +8 trident of the First Stars {venom, rElec}
  4715 | D:7      | Found a blossoming altar of Fedhas.
  5006 | D:8      | Found a glowing golden altar of the Shining One.
  5040 | D:8      | Noticed a two-headed ogre
  5045 | D:8      | Mangled by a two-headed ogre

Illustrated notes

Levels and vault maps discovered:
D:1:      ncdulo_smallfort, layout_rooms, minmay_stone_trees_small,
          serial_bayou_pond_b, chequers_mini_garden
D:2:      layout_rooms, lemuel_crystal_altar, lemuel_round_altar, fedhas_altar_2
D:3:      layout_loops_cross, lemuel_round_altar, uniq_natasha
D:4:      layout_basic, nicolae_dithmenos_shadow_blocks, kennysheep_mini_moat,
          uniq_duvessa
D:5:      layout_basic, nicolae_qazlal_general_emergency,
          minmay_temple_entry_mist, serial_shops, nicolae_shop_statue_plus,
          uniq_ijyb
D:6:      layout_gridville
D:7:      layout_loops_ring, nicolae_overflow_crystal_walls, minivault_26
D:8:      wad_river_or_something, layout_basic, lemuel_doored_altar,
          tso_metal_star, overflow_temple_1_default, lemuel_crystal_altar,
          lair_entry_dummy, uniq_prince_ribbit1

Skill      XL: |  1  2  3  4  5  6  7  8 |
---------------+-------------------------+-----
Transmutations | 2 3 |  3.7
Spellcasting   | 5 6 |  6.2
Invocations    | 1 2 3 4 |  4.0
Fighting       | 1 2 3 |  3.6
Short Blades   | 1 2 3 |  3.6
Long Blades    | 1 2 3 |  3.6
Axes           | 1 2 3 |  3.6
Maces & Flails | 1 2 3 |  3.6
Polearms       | 1 2 3 |  3.6
Staves         | 1 2 3 |  3.6
Slings         | 1 2 3 |  3.6
Bows           | 1 2 3 |  3.6
Crossbows      | 1 2 3 |  3.6
Throwing       | 1 2 3 |  3.6
Armour         | 1 2 3 |  3.6
Shields        | 1 2 3 |  3.6
Unarmed Combat | 1 2 3 |  3.6
Evocations     | 1 2 3 |  3.6
Conjurations   | 1 2 |  2.9
Hexes          | 1 2 |  2.9
Summonings     | 1 2 |  2.9
Necromancy     | 1 2 |  2.9
Translocations | 1 2 |  2.9
Fire Magic     | 1 2 |  2.9
Ice Magic      | 1 2 |  2.9
Air Magic      | 1 2 |  2.9
Poison Magic   | 1 2 |  2.9
Dodging        | 5 |  5.9
Stealth        | 5 |  5.6
Earth Magic    | 6 |  6.2

Action                   |  1- 3 |  4- 6 |  7- 9 || total
-------------------------+-------+-------+-------++-------
Melee: Unarmed           |    44 |     1 |       ||    45
       Bite              |     7 |    12 |     8 ||    27
       Spear             |       |    29 |       ||    29
       Trident           |       |    11 |    10 ||    21
       Falchion          |       |    60 |     4 ||    64
       Whip              |       |       |    45 ||    45
Throw: Stone             |     1 |       |       ||     1
       Dart              |     6 |     5 |     2 ||    13
 Cast: Sandblast         |    46 |    31 |    27 ||   104
       Stone Arrow       |       |       |    10 ||    10
 Stab: Sleeping          |       |     1 |     2 ||     3
Armor: Robe              |    15 |    16 |    17 ||    48
Dodge: Dodged            |    56 |    79 |    56 ||   191
Block: Buckler           |       |    31 |    29 ||    60
       Rpst.: Falchion   |       |    20 |     2 ||    22

Table legend: (Time is in decaauts)
 A = Elapsed time spent in this place.
 B = Non-inter-level travel time spent in this place.
 C = Inter-level travel time spent in this place.
 D = Time resting spent in this place.
 E = Time spent auto-exploring this place.
 F = Levels seen in this place.
 G = Mean time per level.
                   A        B        C        D        E       F      G
               +--------+--------+--------+--------+--------+-----+--------+
         Total |   5841 |   5684 |    157 |    400 |   4247 |   8 |  730.1 |
       Dungeon |   5841 |   5684 |    157 |    400 |   4247 |   8 |  730.1 |
               +--------+--------+--------+--------+--------+-----+--------+

Top non-repeatable levels by time:
     D:7: 1404 daAuts
     D:1: 1110 daAuts
     D:3: 1106 daAuts
     D:6: 988 daAuts
     D:2: 422 daAuts
     D:5: 321 daAuts
     D:4: 310 daAuts
     D:8: 176 daAuts
